 Dungeon Crawl Stone Soup version 0.21-a0-414-gba8bdf1 (webtiles) character file.

56 Terrossi the Chopper (level 3, -3/34 HPs)
             Began as a Hill Orc Berserker on Nov 2, 2017.
             Was a Believer of Trog.
             Killed by divine providence
             ... invoked by an orc priest
              (14 damage)
             ... on level 2 of the Dungeon.
             The game lasted 00:18:05 (1010 turns).

Terrossi the Chopper (Hill Orc Berserker)           Turns: 1010, Time: 00:18:05

Health: -3/34      AC:  2    Str: 20    XL:     3   Next: 97%
Magic:  3/3        EV: 12    Int:  7    God:    Trog [**....]
Gold:   60         SH:  0    Dex: 10    Spells: 2/2 levels left

rFire    + . .     SeeInvis .   a - +0 hand axe
rCold    x . .     Gourm    .   (no shield)
rNeg     . . .     Faith    .   b - +0 animal skin
rPois    .         Spirit   .   (no helmet)
rElec    .         Reflect  .   (no cloak)
rCorr    .         Harm     .   (no gloves)
MR       .....                  (no boots)
Stlth    +.........             (no amulet)
HPRegen  0.11/turn              e - ring of fire
MPRegen  0.08/turn              (no ring)

@: no status effects
A: no striking features
a: Berserk, Trog's Hand, Burn Spellbooks, Renounce Religion, Convert to Beogh


You were on level 2 of the Dungeon.
You worshipped Trog.
Trog was pleased with you.
You were not hungry.

You visited 1 branch of the dungeon, and saw 2 of its levels.

You collected 60 gold pieces.

Inventory:

Hand Weapons
 a - a +0 hand axe (weapon)
Missiles
 f - 61 stones (quivered)
Armour
 b - a +0 animal skin (worn)
Jewellery
 e - a ring of fire (left hand)
Scrolls
 g - a scroll of teleportation {unknown}
Potions
 h - 3 potions of degeneration {unknown}
Comestibles
 c - a bread ration
 d - a chunk of flesh
 i - 2 royal jellies


   Skills:
 + Level 4.4 Fighting
 + Level 5.0 Axes
 + Level 0.9 Throwing
 + Level 2.3 Armour
 + Level 1.8 Dodging


You had 2 spell levels left.
You didn't know any spells.

Dungeon Overview and Level Annotations

Branches:
Dungeon (2/15)

Altars:


Message History

An orc comes into view.
You hit the orc priest but do no damage.
The orc priest is lightly wounded.
The orc priest hits you with a whip.
You hit the orc priest but do no damage.
The orc priest is lightly wounded.
The orc priest shouts, "Beogh is our master!
Accept the truth or die!"
The orc priest closely misses you.
An orc comes into view.
You barely miss the orc priest.
The orc priest is lightly wounded.
The orc priest invokes the aid of Beogh against you.
Beogh smites you!
You hit the orc priest but do no damage.
The orc priest is lightly wounded.
The orc throws a poisoned tomahawk.
The poisoned tomahawk closely misses you.
The orc priest mumbles some strange prayers to Beogh against you.
Beogh smites you!
You die...

#. #(.# #.##.###.#######
#..#..# #.##.# #........
#..#(.###.##.###.####.##
#................#
♣#♣.♣..###.##.###.#
.......(.#.##.# #.#
♣..)...##.###.#
#.............#
♣♣♣#@#.##.........
♣♣♣(#.######.....
♣o)o#.# ..... ♣P.o♣♣.#.#
### ♣♣♣ ♣...# #.#..
..#.. #.# .. #.# ..#


You could see an orc priest.

Vanquished Creatures
  An adder (D:2)
  An ooze (D:1)
  A dart slug (D:1)
  A leopard gecko (D:1)
  An orc (D:2)
  2 bats (D:1)
  A giant cockroach (D:1)
  9 goblins
  5 hobgoblins
  3 jackals (D:1)
  3 kobolds (D:1)
  7 rats
35 creatures vanquished.

Notes
Turn   | Place    | Note
-------+----------+-------------------------------------------
     0 | D:1      | Terrossi the Hill Orc Berserker began the quest for the Orb.
     0 | D:1      | Reached XP level 1. HP: 19/19 MP: 1/1
    97 | D:1      | Reached XP level 2. HP: 24/27 MP: 2/2
   436 | D:1      | Reached XP level 3. HP: 34/34 MP: 3/3
   943 | D:2      | Reached ** piety under Trog
  1001 | D:2      | Reached skill level 5 in Axes
  1010 | D:2      | Killed from afar by an orc priest

Vault maps used:
D:1:      dpeg_arrival_round_a, minmay_misc_feat_alley
D:2:      overflow_temple_1_default, old_standard_altar, serial_forest,
          infiniplex_forest_zigzag_1, infiniplex_forest_lined_2,
          infiniplex_forest_lined_4_way, infiniplex_forest_zigzag_1,
          infiniplex_forest_clump_diagonal, infiniplex_forest_lined_2

Skill      XL: |  1  2  3 |
---------------+----------+-----
Fighting       | 4 |  4.4
Axes           | 5 |  5.0
Throwing       | |  0.9
Armour         | |  2.3
Dodging        | |  1.8

Action                   || total
-------------------------++-------
Melee: Hand axe          ||   101
Throw: Stone             ||    67
 Stab: Sleeping          ||     1
Armor: Animal skin       ||    13
Dodge: Dodged            ||    56

Table legend:
 A = Spawn XP
 B = Non-spawn XP
 C = Spawn XP percentage of total XP
 D = Spawn monster count
 E = Non-spawn monster count
 F = Spawn count percentage of total count
 G = Total turns spent on level
                    A         B        C        D         E        F      G
               +---------+---------+-------+---------+---------+-------+---------
         Total |       0 |      81 |   0.0 |       0 |      35 |   0.0 |  1010
               +---------+---------+-------+---------+---------+-------+---------
           D:1 |       0 |      59 |   0.0 |       0 |      29 |   0.0 |   933
           D:2 |       0 |      22 |   0.0 |       0 |       6 |   0.0 |    77
               +---------+---------+-------+---------+---------+-------+---------
